 Dungeon Crawl Stone Soup version 0.28.0-43-g3370ac3207 (webtiles) character file.

Game seed: 15897775774642833201

80 zeratav the Insei (level 4, -8/28 HPs)
             Began as an Octopode Transmuter on Apr 1, 2022.
             Mangled by an ogre
             ... wielding a +0 giant club
              (15 damage)
             ... on level 3 of the Dungeon.
             The game lasted 00:06:39 (3010 turns).

zeratav the Insei (Octopode Transmuter)             Turns: 3010, Time: 00:06:39

Health: -8/28      AC:  1    Str:  9    XL:     4   Next: 39%
Magic:  6/7        EV: 13    Int: 17    God:
Gold:   691        SH:  0    Dex: 12    Spells: 6/7 levels left

rFire   . . .      SeeInvis .     - Unarmed
rCold   . . .      Faith    .   (no shield)
rNeg    . . .      Spirit   .   (helmet currently unavailable)
rPois   .          Reflect  .   (no amulet)
rElec   .          Harm     .   (no ring)
rCorr   .          Rampage  .   (no ring)
Will    .....                   (no ring)
Stlth   ++........              (no ring)
HPRegen 0.09/turn               (no ring)
MPRegen 0.10/turn               (no ring)
                                (no ring)
                                (no ring)

@: appendages (expiring)
A: tentacle spike 3, almost no armour, amphibious, 8 rings, camouflage 1,
gelatinous body 1, (nimble swimmer 1), tentacles
a: End Transformation


You were on level 3 of the Dungeon.
One of your tentacles had grown a beastly spike.
You visited 1 branch of the dungeon, and saw 3 of its levels.

You collected 691 gold pieces.

Inventory:

Hand Weapons
 b - a +0 hunting sling
Scrolls
 d - a scroll of identify
 e - a scroll of enchant weapon
Potions
 a - 2 potions of berserk rage {unknown}


   Skills:
 * Level 1.6 Fighting
 + Level 2.2 Dodging
 + Level 3.7 Unarmed Combat
 + Level 2.3 Spellcasting
 * Level 2.7 Transmutations
 * Level 1.1 Poison Magic


You had 6 spell levels left.
You knew the following spells:

 Your Spells              Type           Power      Damage    Failure   Level
a - Beastly Appendage     Tmut           22%        N/A       6%          1

Your spell library contained the following spells:

 Spells                   Type           Power      Damage    Failure   Level
 Wereblood                Tmut           11%        N/A       9%          2
 Freeze                   Ice            8%         1d3       19%         1
 Magic Dart               Conj           8%         1d3       19%         1
 Spider Form              Tmut/Pois      8%         N/A       26%         3
 Call Imp                 Summ           2%         N/A       28%         2
 Mephitic Cloud           Conj/Pois/Air  3%         N/A       43%         3
 Frozen Ramparts          Ice            4%         1d2       50%         3
 Ice Form                 Ice/Tmut       6%         N/A       71%         4
 Hailstorm                Conj/Ice       2%         3d3       88%         4


Dungeon Overview and Level Annotations

Branches:
Dungeon (3/15)

Altars:

Shops:
D:1 (


Innate Abilities, Weirdness & Mutations

One of your tentacles has grown a beastly spike.
You cannot wear most types of armour.
You are amphibious.
You can wear up to eight rings at the same time.
Your skin changes colour to match your surroundings (Stealth+).
Your rubbery body absorbs attacks. (AC +1, EV +1)
((You are camouflaged when in or above water. (Stealth+)))
You have tentacles for arms and can constrict up to eight enemies at once.


Message History

You climb downwards.
The ufetubus shouts!
The goblin shouts! x2; You hear a shout!
Found a stone staircase leading up and a stone staircase leading down.
There is a stone staircase leading up here.
There are monsters nearby!
Casting: Beastly Appendage (safe; 6% risk of failure)
Confirm with . or Enter, or press ? or * to list all spells.
One of your tentacles grows a vicious spike.
The ball python hisses angrily.
An ogre comes into view. It is wielding a +0 giant club.
You tentacle-slap the ball python.
You kill the ball python!
The ufetubus hits you. x2
The goblin hits you with a +0 dagger.
You see here a ball python corpse.
You closely miss the ufetubus. Your grab misses the ufetubus.
You squeeze the ufetubus, but do no damage.
The ufetubus barely misses you. The ufetubus completely misses you.
The goblin closely misses you.
You miss the ufetubus. Your grab misses the ufetubus.
Your transformation is almost over.
The ufetubus hits you. The ufetubus barely misses you.
The ufetubus closely misses you. The ufetubus misses you.
The goblin hits you with a +0 dagger.
You tentacle-slap the ufetubus but do no damage.
Your grab misses the ufetubus.
You pierce the ufetubus.
The ufetubus is severely wounded.
The ufetubus completely misses you. The ufetubus closely misses you.
The goblin barely misses you.
You tentacle-slap the ufetubus.
You kill the ufetubus!
The goblin hits you with a +0 club.
* * * LOW HITPOINT WARNING * * *
The goblin hits you with a +0 dagger.
* * * LOW HITPOINT WARNING * * *
You tentacle-slap the goblin. You grab the goblin. You squeeze the goblin.
You kill the goblin!
The ogre hits you with a +0 giant club!
Ouch! That really hurt!
You die...

# .#
######.###
#.........
###.........
###.#........#
......g.<#
.....#@.#
#...rO.......#
##.....<####.#
##.....#
#.#....#
#..#..... #.#
#.>.## ..
.....


You could see an ogre, a goblin and a rat.

Vanquished Creatures
  An adder (D:2)
  An ufetubus (D:3)
  2 worms (D:2)
  3 dart slugs (D:1)
  A bat (D:2)
  3 endoplasms (D:1)
  3 giant cockroaches
  8 goblins
  5 hobgoblins
  7 jackals (D:1)
  5 ball pythons
  7 kobolds
  4 rats (D:1)
50 creatures vanquished.

Notes
Turn   | Place    | Note
-------+----------+-------------------------------------------
     0 | D:1      | zeratav the Octopode Transmuter began the quest for the
                  | Orb.
     0 | D:1      | Reached XP level 1. HP: 13/13 MP: 3/3
   325 | D:1      | Found Urenuf's Antique Weapon Emporium.
   581 | D:1      | Reached XP level 2. HP: 12/18 MP: 3/5
  1039 | D:1      | Reached XP level 3. HP: 9/23 MP: 6/6
  2149 | D:2      | Reached skill level 1 in Poison Magic
  2201 | D:2      | Found a faded altar of an unknown god.
  2282 | D:2      | Reached XP level 4. HP: 24/28 MP: 5/7
  2562 | D:2      | Identified a scroll of acquirement
  2562 | D:2      | Acquired 619 gold pieces
  3003 | D:3      | Noticed an ogre
  3010 | D:3      | Mangled by an ogre

Illustrated notes

Levels and vault maps discovered:
D:1:      dpeg_arrival_ternary, layout_loops_cross, serial_shops,
          nicolae_shop_advertising_works [nicolae_subvault_shop_adworks],
          nicolae_figureground_pulse
D:2:      layout_basic, dreamdust_ecumenical_altar_angels_and_demons
D:3:      layout_loops_ring, grunt_temple_overflow_octagram, uniq_terence

Skill      XL: |  1  2  3 |
---------------+----------+-----
Poison Magic   | 1 |  1.1
Fighting       | |  1.6
Dodging        | |  2.2
Unarmed Combat | |  3.7
Spellcasting   | |  2.3
Transmutations | |  2.7

Action                   |  1- 3 |  4- 6 || total
-------------------------+-------+-------++-------
Melee: Unarmed           |    84 |    27 ||   111
       Kick              |    25 |    11 ||    36
       Tentacles         |    17 |     2 ||    19
       Constrict         |    22 |     7 ||    29
       Punch             |     1 |       ||     1
 Cast: Beastly Appendage |    21 |     4 ||    25
  Use: Scroll            |       |     5 ||     5
 Stab: Sleeping          |     4 |       ||     4
Armor: Skin              |     6 |     1 ||     7
Dodge: Dodged            |    47 |    19 ||    66
